 Dungeon Crawl Stone Soup version 0.16-b1 (webtiles) character file.

67 kae the Firebug (level 4, -5/24 HPs)
             Began as a Tengu Fire Elementalist on Mar 7, 2015.
             Killed by divine providence
             ... invoked by an orc priest
              (15 damage)
             ... on level 3 of the Dungeon.
             The game lasted 00:02:37 (1731 turns).

kae the Firebug (Tengu Fire Elementalist)           Turns: 1731, Time: 00:02:37

Health: -5/24      AC:  3    Str:  8    XL:     4   Next: 18%
Magic:  8/8        EV: 12    Int: 17    God:
Gold:   76         SH:  0    Dex: 14    Spells: 3 memorised, 1 level left

rFire  . . .     SeeInvis .     v - +0 spear
rCold  + . .     Clarity  .     a - +0 robe
rNeg   . . .     SustAb   .     (no shield)
rPois  .         Gourm    .     (helmet restricted)
rElec  .         Spirit   .     n - +0 cloak
rCorr  +         Warding  .     (no gloves)
rMut   .         Stasis   .     (boots unavailable)
MR     +....                    m - amulet of resist corrosion
Stlth  ++........               u - ring of protection from magic
                                j - ring of protection from cold

@: somewhat resistant to hostile enchantments, unstealthy
A: beak, talons 3
a: no special abilities


You were on level 3 of the Dungeon.
You were not hungry.

You visited 1 branch of the dungeon, and saw 3 of its levels.

You collected 76 gold pieces.

Inventory:

Hand weapons
 f - a +0 short sword
 v - a +0 spear (weapon)
Armour
 a - a +0 robe (worn)
 n - a +0 cloak (worn)
Jewellery
 j - a ring of protection from cold (left hand)
 m - an amulet of resist corrosion (around neck)
 u - a ring of protection from magic (right hand)
Scrolls
 d - 3 scrolls of identify {unknown}
 g - a scroll of random uselessness {unknown}
 h - a scroll of amnesia {unknown}
 i - a scroll of enchant armour {unknown}
 s - a scroll of enchant weapon {unknown}
 t - a scroll of blinking {unknown}
Potions
 e - a potion of lignification {unknown}
 k - a potion of magic {unknown}
 l - a potion of flight {unknown}
 o - a potion of might {unknown}
Books
 b - a book of Flames

   Spells                             Type                      Level
   a - Flame Tongue                   Conjuration/Fire             1
   b - Throw Flame                    Conjuration/Fire             2
   c - Conjure Flame                  Conjuration/Fire             3
   d - Inner Flame                    Hexes/Fire                   3
   e - Sticky Flame                   Conjuration/Fire             4
   f - Fireball                       Conjuration/Fire             5
Comestibles
 c - a bread ration
 p - a beef jerky
 q - 4 fruits


   Skills:
 - Level 2.1 Dodging
 - Level 2.0 Stealth
 + Level 2.2 Spellcasting
 * Level 3.4 Conjurations
 * Level 4.4 Fire Magic


You had one spell level left.
You knew the following spells:

 Your Spells              Type           Power        Failure   Level  Hunger
a - Flame Tongue          Conj/Fire      ###..        4%          1    #......
b - Throw Flame           Conj/Fire      ###...       10%         2    ###....
c - Conjure Flame         Conj/Fire      ###.....     14%         3    ###....


Dungeon Overview and Level Annotations

Branches:
Dungeon (3/15)

Altars:


Innate Abilities, Weirdness & Mutations

You have a beak for a mouth.
You have claws for feet.


Message History

No target in view!
No target in view!
A hobgoblin comes into view. It is wielding a club.
A hobgoblin is nearby!
A hobgoblin is nearby!
A hobgoblin is nearby!
A hobgoblin is nearby!
An orc comes into view. It is wielding a hand axe.
The hobgoblin shouts!
The orc shouts!
A hobgoblin and an orc priest come into view.
A rat and an orc come into view.
The orc priest shouts!
The orc priest invokes the aid of Beogh against you.
Something smites you!
Ouch! That really hurt!
The hobgoblin shouts!
The orc priest calls down the wrath of Beogh upon you.
Something smites you!
Ouch! That really hurt!
You die...

... #.# .# #.# ###.## #.#
##.... . #.# ###....# ...
#.# ......# ##g... ##.##
##...# #..oro.
....#######...####."......
#.#.##..........@.o.......
..<....####...###.g....#.#
#†#.#### ##.## #.#...##
....# #.# #.###.... #.###
#.# #.# #.. .^# #.# #.#
### #.# #.# #.# #.. #!#
#..


You could see an orc priest, 2 orcs, 2 hobgoblins and a rat (wandering).

Vanquished Creatures
  2 adders
  3 giant geckos
  3 oozes
  3 giant cockroaches
  4 goblins (D:2)
  A hobgoblin (D:2)
  6 jackals (D:1)
  4 kobolds
  A ball python (D:2)
  4 bats
  2 giant newts
  A quokka (D:2)
  5 rats
39 creatures vanquished.

Notes
Turn   | Place    | Note
--------------------------------------------------------------
     0 | D:1      | kae, the Tengu Fire Elementalist, began the quest for the Orb.
     0 | D:1      | Reached XP level 1. HP: 10/10 MP: 3/3
   335 | D:1      | Reached XP level 2. HP: 9/15 MP: 0/5
   904 | D:2      | Reached skill level 4 in Fire Magic
  1005 | D:2      | Reached XP level 3. HP: 19/19 MP: 0/7
  1433 | D:2      | Learned a level 2 spell: Throw Flame
  1437 | D:2      | Learned a level 3 spell: Conjure Flame
  1668 | D:3      | Reached XP level 4. HP: 21/24 MP: 3/8
  1731 | D:3      | Killed from afar by an orc priest

Action                   |  1- 3 |  4- 6 || total
-------------------------+-------+-------++-------
Melee: Short sword       |    30 |       ||    30
       Spear             |     2 |    11 ||    13
 Cast: Flame Tongue      |    66 |     1 ||    67
       Throw Flame       |     2 |       ||     2
 Stab: Sleeping          |     1 |       ||     1
  Eat: Chunk             |     3 |     1 ||     4
